 Dungeon Crawl Stone Soup version 0.27.0-1-g7a089689b8 (webtiles) character file.

Game seed: 15311351541498931564

205 sakkuzi the Skirmisher (level 5, -2/34 HPs)
             Began as a Gargoyle Fighter on Aug 17, 2021.
             Was a Believer of Elyvilon.
             Slain by Eustachio (9 damage)
             ... on level 3 of the Dungeon.
             The game lasted 00:06:06 (2764 turns).

sakkuzi the Skirmisher (Gargoyle Fighter)           Turns: 2764, Time: 00:06:06

Health: -2/34      AC: 13    Str: 20    XL:     5   Next: 83%
Magic:  5/5        EV:  5    Int:  9    God:    Elyvilon [**....]
Gold:   163        SH:  9    Dex:  9    Spells: 4/4 levels left

rFire    . . .     SeeInvis .   a - +0 flail {mace}
rCold    . . .     Faith    .   c - +0 kite shield
rNeg     + . .     Spirit   .   o - +0 chain mail
rPois    ∞         Reflect  .   (no helmet)
rElec    +         Harm     .   (no cloak)
rCorr    .         Rampage  .   (no gloves)
Will     .....                  (no boots)
Stlth    ..........             (no amulet)
HPRegen  0.11/turn              (no ring)
MPRegen  0.09/turn              (no ring)

@: no status effects
A: sickness immunity, AC +4, negative energy resistance 1, electricity
resistance, torment resistance 1, petrification resistance
a: Renounce Religion, Lesser Healing, Heal Other, Divine Protection


You were on level 3 of the Dungeon.
You worshipped Elyvilon.
Elyvilon was pleased with you.
You visited 1 branch of the dungeon, and saw 4 of its levels.

You collected 163 gold pieces.


Innate Abilities, Weirdness & Mutations

You are immune to sickness and miasma.
Your stone body is resilient. (AC +4)
You are immune to poison.
You resist negative energy. (rN+)
You are resistant to electric shocks. (rElec)
You are resistant to unholy torment.
You are immune to petrification.


   Skills:
 + Level 4.8 Fighting
 * Level 3.9 Maces & Flails
 - Level 4.0 Armour
 - Level 4.0 Shields


You had 4 spell levels left.
You didn't know any spells.
Your spell library was empty.

Inventory:

Hand Weapons
 a - a +0 flail (weapon) {mace}
Missiles
 e - 53 stones (quivered) {throwing}
 f - 41 arrows
 j - 6 curare-tipped darts {=fthrowing}
 n - 6 datura-tipped darts {throwing}
Armour
 b - a +0 scale mail
 c - a +0 kite shield (worn)
 o - a +0 chain mail (worn)
   (You found it on level 3 of the Dungeon)
Scrolls
 h - a scroll of silence {unknown}
 i - a scroll of identify {unknown}
 k - a scroll of fear {unknown}
 l - a scroll of teleportation {@r4}
 m - a scroll of magic mapping {!r}
Potions
 d - a potion of might
 g - a potion of mutation {unknown}
 p - a potion of berserk rage {unknown}

Dungeon Overview and Level Annotations

Branches:
Dungeon (4/15)
 Temple: D:4-7

Altars:
Elyvilon
Nemelex Xobeh

Shops:
D:1 ::!   D:3 *

Annotations:
D:3 Eustachio

#.##.#### #.#....# #.......##
#.#....# ...####).###.#....#
#### ##..#..#....#
#########.#.##....#
..................#
.....##.#.#.##....#
........#...##....#
.....##.###.##..@.#
)....##......#...@#
#.#####.##...######## #...#
#....#........###
#.#.###..........##...#
#.#.......#########'''#######
#.####....#########...########
.........#####☼§.##...#○.°☼§##
..###.....###☼§○§§#.≈.#.§°○§##


You could see Eustachio.


Message History

The quasit bites you but does no damage.
The quasit barely misses you. You block the quasit's attack.
The bat hits you but does no damage. x2
There is a stone staircase leading up here.
The bat barely misses you.
Eustachio gestures wildly while chanting.
Eustachio blinks!
The quokka bites you.
* * * LOW HITPOINT WARNING * * *
You climb upwards.
There is a stone staircase leading down here. 😨 HP[-2]
You take 2 damage, and now have 17/34 hp.
You start resting. 😎 HP[+17]
Your hp is fully restored (34).
There is a stone staircase leading down here.
You can't go up here!
You climb downwards.
Level annotation: Eustachio Eustachio hits you with a +0 rapier of holy wrath.
There is a stone staircase leading up here. 😕 HP[-6]
You take 6 damage, and now have 28/34 hp.
You closely miss Eustachio. Eustachio hits you but does no damage.
You closely miss Eustachio.
Eustachio hits you with a +0 rapier of holy wrath.
Eustachio hits you but does no damage. 😮 HP[-4]
You take 4 damage, and now have 24/34 hp.
You closely miss Eustachio. You block Eustachio's attack.
You hit Eustachio but do no damage.
Eustachio hits you with a +0 rapier of holy wrath.
Eustachio gestures wildly while chanting.
Eustachio blinks! 😮 HP[-4]
You take 4 damage, and now have 20/34 hp.
Eustachio mumbles some strange words.
Eustachio blinks!
Eustachio says, "My allies will avenge me."
You miss Eustachio. Eustachio hits you but does no damage.
Eustachio casts a spell.
Your shield prevents you from hitting Eustachio.
The bat completely misses you. You block the bat's attack.
Eustachio hits you but does no damage. The bat hits you but does no damage.
You hit Eustachio. The bat hits you but does no damage. x2
You block the bat's attack. The bat hits you but does no damage.
Eustachio hits you but does no damage.
Eustachio casts a spell.
You barely miss Eustachio. The bat hits you but does no damage.
You block the bat's attack. The bat barely misses you.
You block the bat's attack. The bat hits you but does no damage. x2
Eustachio mumbles some strange words.
Eustachio blinks!
The bat hits you but does no damage. 😮 HP[+1]
The bat hits you but does no damage. The bat closely misses you.
The bat barely misses you. The bat hits you but does no damage.
You block the quokka's attack. You block the bat's attack.
The bat barely misses you. The bat hits you but does no damage.
Eustachio mumbles some strange words.
Eustachio blinks!
You block the quokka's attack. You block the bat's attack. x2
Eustachio hits you with a +0 rapier of holy wrath. 😮 HP[-2]
You take 2 damage, and now have 19/34 hp.
You closely miss Eustachio. The bat hits you.
The bat hits you but does no damage. You block the bat's attack.
The bat barely misses you. The bat hits you.
* * * LOW HITPOINT WARNING * * *
Eustachio gestures wildly while chanting.
Eustachio blinks!
Eustachio twirls his moustache.
Eustachio hits you with a +0 rapier of holy wrath.
* * * LOW HITPOINT WARNING * * *
😨 HP[-5]
You take 5 damage, and now have 14/34 hp.
Your chain mail prevents you from hitting Eustachio.
You block the bat's attack. The bat hits you but does no damage.
The bat completely misses you. The bat hits you but does no damage.
The bat completely misses you. The bat hits you but does no damage.
Eustachio hits you with a +0 rapier of holy wrath!
* * * LOW HITPOINT WARNING * * *
😱 HP[-8]
You take 8 damage, and now have 6/34 hp.
MASSIVE DAMAGE!! (PAUSE)
You block the bat's attack.
Eustachio gestures wildly while chanting.
There is a stone staircase leading up here.
You can't go down here!
The bat hits you but does no damage. x3; Eustachio hits you but does no damage.
You climb upwards.
The bat disappears in a puff of smoke! x3
The quokka disappears in a puff of smoke!
The crimson imp disappears in a puff of smoke!
There is a stone staircase leading down here. 😱 HP[+1]
Your shield and chain mail prevent you from hitting Eustachio.
Eustachio closely misses you.
You closely miss Eustachio.
Eustachio hits you with a +0 rapier of holy wrath!
You die...

Skill      XL: |  1  2  3  4 |
---------------+-------------+-----
Fighting       | 4 |  4.8
Armour         | 4 |  4.0
Shields        | 4 |  4.0
Maces & Flails | 3 |  3.9

Action                   |  1- 3 |  4- 6 || total
-------------------------+-------+-------++-------
Melee: Flail             |    76 |   132 ||   208
  Use: Scroll            |     2 |       ||     2
Armor: Scale mail        |    43 |    44 ||    87
       Chain mail        |       |    68 ||    68
Dodge: Dodged            |    28 |    49 ||    77
Block: Kite shield       |    38 |    87 ||   125

Levels and vault maps discovered:
D:1:      sevenhm_arrival_forest_fort_small_4, layout_rooms, serial_shops,
          nicolae_shop_temple_entry_statues_fountains, shop, shop,
          shapermc_ecumenical_altar_mp_vishouse
D:2:      layout_basic
D:3:      minmay_evil_eye, layout_rooms, nemelex_altar_shiori, serial_shops,
          shop_coins, kennysheep_generic_room_14
D:4:      layout_basic, serial_bayou_pond_b, hex_large, uniq_duvessa,
          uniq_eustachio

Notes
Turn   | Place    | Note
-------+----------+-------------------------------------------
     0 | D:1      | sakkuzi the Gargoyle Fighter began the quest for the Orb.
     0 | D:1      | Reached XP level 1. HP: 14/14 MP: 1/1
     0 | D:1      | magus.rc [v1.9.6]
    16 | D:1      | Found Lautax's Distillery.
    69 | D:1      | Reached XP level 2. HP: 7/19 MP: 2/2
   597 | D:1      | Found a faded altar of an unknown god.
   604 | D:1      | Found Gulothi's Book Shop.
   639 | D:1      | Became a worshipper of Elyvilon the Healer
   639 | D:1      | Reached * piety under Elyvilon
   722 | D:1      | Found Kaust's Book Emporium.
   869 | D:2      | Reached XP level 3. HP: 24/24 MP: 3/3
  1080 | D:2      | Reached skill level 4 in Fighting
  1080 | D:2      | Reached skill level 4 in Armour
  1080 | D:2      | Reached skill level 4 in Shields
  1234 | D:2      | Reached XP level 4. HP: 27/29 MP: 4/4
  1673 | D:3      | Found Comiun's General Store.
  1778 | D:3      | Reached ** piety under Elyvilon
  1832 | D:3      | Noticed an ice beast
  1862 | D:3      | Killed an ice beast
  1863 | D:3      | Reached skill level 3 in Maces & Flails
  1863 | D:3      | Reached XP level 5. HP: 19/34 MP: 5/5
  2346 | D:3      | Found a sparkling altar of Nemelex Xobeh.
  2553 | D:4      | Noticed Eustachio
  2759 | D:4      | HP: 6/34 [Eustachio (8)]
  2764 | D:3      | Slain by Eustachio

Vanquished Creatures
  An ice beast (D:3)
  6 adders
  A worm (D:2)
  2 dart slugs
  2 orcs (D:3)
  2 ball pythons (D:2)
  4 endoplasms
  4 giant cockroaches
  A goblin (D:1)
  5 hobgoblins
  7 jackals
  A quokka (D:3)
  A bat (D:2)
  2 frilled lizards
  6 kobolds
  3 rats
48 creatures vanquished.

Vanquished Creatures (others)
  2 plants (D:4)
2 creatures vanquished.

Grand Total: 50 creatures vanquished

Table legend:
 A = Non-vault XP
 B = Vault XP
 C = Vault XP percentage of total XP
 D = Non-vault monster count
 E = Vault monster count
 F = Vault count percentage of total count
                 A         B        C        D         E       F
            +---------+---------+-------+---------+---------+-------
      Total |     145 |     149 |  50.7 |      44 |       4 |   8.3
            +---------+---------+-------+---------+---------+-------
        D:1 |      23 |       0 |   0.0 |      11 |       0 |   0.0
        D:2 |      77 |       0 |   0.0 |      16 |       0 |   0.0
        D:3 |      45 |     149 |  76.8 |      17 |       4 |  19.0
            +---------+---------+-------+---------+---------+-------

Illustrated notes

Table legend:
 A = Kills in this place as a percentage of kills in entire the game.
 B = Kills by you in this place as a percentage of kills by you in the entire game.
 C = Kills by friends in this place as a percentage of kills by friends in the entire game.
 D = Other kills in this place as a percentage of other kills in the entire game.
 E = Experience gained in this place as a percentage of experience gained in the entire game.
 F = Experience gained in this place divided by the number of levels of this place that you have seen.
                   A       B       C       D       E      F
               +-------+-------+-------+-------+-------+----------------------
         Total | 100.0 | 100.0 |   N/A |   N/A | 100.0 |  73.5
       Dungeon | 100.0 | 100.0 |   N/A |   N/A | 100.0 |  73.5
               +-------+-------+-------+-------+-------+----------------------

Table legend: (Time is in decaauts)
 A = Elapsed time spent in this place.
 B = Non-inter-level travel time spent in this place.
 C = Inter-level travel time spent in this place.
 D = Time resting spent in this place.
 E = Time spent auto-exploring this place.
 F = Levels seen in this place.
 G = Mean time per level.
                   A        B        C        D        E       F      G
               +--------+--------+--------+--------+--------+-----+--------+
         Total |   2870 |   2774 |     96 |    474 |   1477 |   4 |  717.5 |
       Dungeon |   2870 |   2774 |     96 |    474 |   1477 |   4 |  717.5 |
               +--------+--------+--------+--------+--------+-----+--------+

Top non-repeatable levels by time:
     D:3: 1084 daAuts
     D:2: 853 daAuts
     D:1: 851 daAuts
     D:4: 80 daAuts
